 Dungeon Crawl Stone Soup version 0.27.0-1-g7a08968 (webtiles) character file.

Game seed: 10167306788257979180

933 EvilChicken the Chopper (level 8, -12/46 HPs)
             Began as a Gargoyle Fighter on Dec 1, 2021.
             Killed from afar by a steam dragon (17 damage)
             ... with a ball of steam
             ... on level 5 of the Dungeon.
             The game lasted 00:30:25 (6294 turns).

EvilChicken the Chopper (Gargoyle Fighter)          Turns: 6294, Time: 00:30:26

Health: -12/46     AC: 17    Str: 23    XL:     8   Next: 11%
Magic:  8/8        EV:  8    Int:  8    God:
Gold:   3          SH:  9    Dex:  7    Spells: 7/7 levels left

rFire    . . .     SeeInvis .   a - +0 war axe
rCold    . . .     Faith    .   c - +0 kite shield
rNeg     + + .     Spirit   .   b - +0 scale mail
rPois    ∞         Reflect  .   z - +2 helmet of the Cockatrice {rN+}
rElec    +         Harm     .   n - +0 cloak
rCorr    .         Rampage  .   k - +0 pair of gloves
Will     .....                  (no boots)
Stlth    ..........             (no amulet)
HPRegen  0.15/turn              (no ring)
MPRegen  0.11/turn              (no ring)

@: no status effects
A: sickness immunity, AC +5, negative energy resistance 1, electricity
resistance, torment resistance 1, petrification resistance, clumsy 1, no potion
heal 1, subdued magic 1
a: no special abilities


You were on level 5 of the Dungeon.
You visited 1 branch of the dungeon, and saw 5 of its levels.
You also visited: Sewer.

You collected 63 gold pieces.
You spent 60 gold pieces at shops.

Inventory:

Hand Weapons
 a - a +0 war axe (weapon)
 y - a +0 short sword
Missiles
 w - 23 poisoned darts (quivered)
Armour
 b - a +0 scale mail (worn)
 c - a +0 kite shield (worn)
 k - a +0 pair of gloves (worn)
 n - a +0 cloak (worn)
 z - the +2 helmet of the Cockatrice (worn) {rN+}
   (You took it off Robin on level 3 of the Dungeon)

   rN:        It protects you from negative energy.
Wands
 A - a wand of polymorph (10)
Scrolls
 g - a scroll of magic mapping
 h - a scroll of fear {unknown}
 m - 5 scrolls of teleportation
 o - a scroll of blinking {unknown}
 p - a scroll of holy word {unknown}
 q - a scroll of silence {unknown}
 v - a scroll of enchant weapon {unknown}
 C - a scroll of enchant armour {unknown}
Potions
 d - 3 potions of might
 f - a potion of curing {unknown}
 j - a potion of degeneration {unknown}
 l - 4 potions of heal wounds
 r - 2 potions of invisibility
 s - a potion of magic {unknown}
 u - 3 potions of haste
 x - a potion of attraction {unknown}
 B - 2 potions of flight


   Skills:
 - Level 3.2 Fighting
 * Level 7.6 Axes
 - Level 3.2 Armour
 - Level 1.3 Dodging
 - Level 0.5 Stealth
 + Level 4.8 Shields


You had 7 spell levels left.
You didn't know any spells.
Your spell library contained the following spells:

 Spells                   Type           Power      Damage    Failure   Level
 Corona                   Hex            0%         N/A       98%         1
 Foxfire                  Conj/Fire      0%         2x1d4     98%         1
 Ensorcelled Hibernation  Hex/Ice        0%         N/A       99%         2
 Conjure Flame            Conj/Fire      0%         6-21      100%        3
 Inner Flame              Hex/Fire       0%         N/A       100%        3
 Tukima's Dance           Hex            0%         N/A       100%        3


Dungeon Overview and Level Annotations

Branches:
Dungeon (5/15)              Sewer (visited)
 Temple: D:4-7

Altars:
Nemelex Xobeh
Ru
Vehumet

Shops:
D:1 **   D:5 ?


Innate Abilities, Weirdness & Mutations

You are immune to sickness and miasma.
Your stone body is resilient. (AC +5)
You are immune to poison.
You resist negative energy. (rN+)
You are resistant to electric shocks. (rElec)
You are resistant to unholy torment.
You are immune to petrification.
You are clumsy. (Dex -2)
Potions are less effective at restoring your health.
Your spells are a little easier to cast, but a little less powerful.


Message History

No target in view!
No target in view!
No target in view!
You are engulfed in a cloud of scalding steam.
You are engulfed in a cloud of scalding steam.
You hit the steam dragon but do no damage.
You are engulfed in a cloud of scalding steam.
The steam dragon bites you but does no damage.
You block the steam dragon's attack.
You slash the steam dragon!
The steam dragon is moderately wounded.
The steam dragon bites you.
The steam dragon claws you but does no damage.
The steam dragon barely misses you.
The steam dragon claws you but does no damage.
You hit the steam dragon.
The steam dragon is heavily wounded.
The steam dragon breathes steam at you. The ball of steam hits you!
You are too injured to fight recklessly!
You are too injured to fight recklessly!
You are too injured to fight recklessly!
You hit the steam dragon.
The steam dragon is severely wounded.
You are engulfed in a cloud of scalding steam.
* * * LOW HITPOINT WARNING * * *
You block the steam dragon's attack.
The steam dragon claws you but does no damage.
You closely miss the steam dragon.
The steam dragon is severely wounded.
The steam dragon bites you.
* * * LOW HITPOINT WARNING * * *
The steam dragon claws you but does no damage.
The steam dragon bites you but does no damage.
The steam dragon claws you but does no damage.
You hit the steam dragon.
The steam dragon is almost dead.
The steam dragon breathes steam at you. The ball of steam hits you!
You die...

.. #. ###.########
#..........# #####
#..........# .....
#.........>#
......#......D...#
......#.....@....#
...............###
.....8#..8§...$#
........§......#+
#..8.>.∩§<.8.....#
#(.......§.......#
.....8.##8########
.###... ### ####


You could see a steam dragon (catching breath).

Vanquished Creatures
  Grinder (D:3)
  2 kobold brigands (Sewer)
  Blork the orc (D:4)
  A scorpion (D:4)
  2 howler monkeys
  A bullfrog skeleton (D:4)
  An orc priest (D:3)
  A jelly (D:4)
  2 iguanas
  Natasha (thrice) (D:2)
  A hound skeleton (D:4)
  Robin (D:3)
  An adder (D:4)
  2 river rats (D:4)
  3 worms
  4 orcs (D:3)
  7 endoplasms
  17 giant cockroaches
  16 goblins
  8 hobgoblins
  4 jackals
  18 kobolds
  3 quokkas
  12 ball pythons
  7 bats
  2 frilled lizards
  9 rats
  A bush (D:3)
131 creatures vanquished.

Vanquished Creatures (others)
  2 fungi (Sewer)
  8 plants
10 creatures vanquished.

Grand Total: 141 creatures vanquished

Notes
Turn   | Place    | Note
-------+----------+-------------------------------------------
     0 | D:1      | EvilChicken the Gargoyle Fighter began the quest for the
                  | Orb.
     0 | D:1      | Reached XP level 1. HP: 14/14 MP: 1/1
   134 | D:1      | Reached skill level 2 in Axes
   223 | D:1      | Reached XP level 2. HP: 16/19 MP: 2/2
   514 | D:1      | Found Kixuakoyd's General Store.
   571 | D:1      | Found a faded altar of an unknown god.
   831 | D:1      | Found Lahum's Assorted Antiques.
   841 | D:1      | Reached XP level 3. HP: 22/23 MP: 3/3
  1625 | D:2      | Reached skill level 3 in Axes
  1627 | D:3      | Noticed Natasha
  2351 | D:4      | Found a sparkling altar of Nemelex Xobeh.
  2372 | D:4      | Reached XP level 4. HP: 28/28 MP: 4/4
  2384 | D:4      | Found a glowing drain.
  2413 | Sewer    | Entered a sewer
  2929 | Sewer    | Noticed a kobold brigand
  2929 | Sewer    | Noticed a kobold brigand
  2938 | Sewer    | Killed a kobold brigand
  2939 | Sewer    | Reached skill level 4 in Axes
  2939 | Sewer    | Reached XP level 5. HP: 22/32 MP: 5/5
  2943 | Sewer    | Killed a kobold brigand
  2944 | Sewer    | Reached skill level 5 in Axes
  2944 | Sewer    | Reached XP level 6. HP: 26/37 MP: 6/6
  3316 | D:3      | Noticed Grinder
  3332 | D:3      | Paralysed by Grinder for 3 turns
  3660 | D:3      | Found a radiant altar of Vehumet.
  3661 | D:3      | Found a sacrificial altar of Ru.
  3799 | D:3      | Identified the +2 helmet of the Cockatrice {rN+}
  3799 | D:3      | Noticed Robin
  3823 | D:3      | Killed Robin
  4004 | D:2      | Killed Natasha
  4248 | D:3      | Killed Grinder
  4249 | D:3      | Reached skill level 6 in Axes
  4249 | D:3      | Reached skill level 1 in Dodging
  4249 | D:3      | Reached XP level 7. HP: 34/41 MP: 7/7
  5006 | D:2      | Noticed Natasha
  5010 | D:2      | Killed Natasha
  5432 | D:2      | Noticed Natasha
  5443 | D:2      | Killed Natasha
  5662 | D:4      | Reached skill level 7 in Axes
  5791 | D:4      | Reached XP level 8. HP: 42/46 MP: 8/8
  5821 | D:4      | Noticed Blork the orc
  5833 | D:4      | Killed Blork the orc
  6234 | D:5      | Entered Level 5 of the Dungeon
  6234 | D:5      | Found Cyacwa's Magic Scroll Shop.
  6247 | D:5      | Bought a scroll of identify for 20 gold pieces
  6247 | D:5      | Bought a scroll of teleportation for 30 gold pieces
  6247 | D:5      | Bought a scroll of noise for 10 gold pieces
  6254 | D:5      | Gained mutation: You are frail. (-10% HP) [potion of
                  | mutation]
  6254 | D:5      | Gained mutation: You are clumsy. (Dex -2) [potion of
                  | mutation]
  6254 | D:5      | Gained mutation: Your flesh is cold resistant. (rC+)
                  | [potion of mutation]
  6255 | D:5      | Lost mutation: You are frail. (-10% HP) [potion of
                  | mutation]
  6255 | D:5      | Lost mutation: Your flesh is cold resistant. (rC+) [potion
                  | of mutation]
  6255 | D:5      | Gained mutation: Potions are less effective at restoring
                  | your health. [potion of mutation]
  6255 | D:5      | Gained mutation: Your spells are a little easier to cast,
                  | but a little less powerful. [potion of mutation]
  6294 | D:5      | Killed from afar by a steam dragon

Illustrated notes

Levels and vault maps discovered:
D:1:      dpeg_arrival_rooms_c, layout_loops_ring, serial_shops,
          nicolae_lakefront_shop, nicolae_shop_window_shopping,
          hellmonk_ecumenical_altar_slurped_away
D:2:      layout_basic
D:3:      minmay_roachtagon, layout_rooms, mainiacjoe_overflow_catwalk_spiral,
          serial_forest, infiniplex_forest_straight_3, infiniplex_forest_end_2,
          infiniplex_forest_split, infiniplex_forest_lined_room_,
          infiniplex_forest_clump_long, infiniplex_forest_lined_corner,
          infiniplex_forest_lined_2, fountainhead, uniq_robin, uniq_grinder,
          uniq_natasha
D:4:      layout_basic, nemelex_spade_bored_becter, portal_sewer_entry_b,
          uniq_blork_the_orc
D:5:      layout_rooms, grunt_gozag_statues, serial_shops, kennysheep_mini,
          nicolae_stop_n_shop_1, nicolae_stop_n_shop_2, nicolae_diamond_shop,
          nicolae_take_the_stairs, hangedman_decor_clover_reticule,
          minmay_shop_enchanted_jewellery

Skill      XL: |  1  2  3  4  5  6  7 |
---------------+----------------------+-----
Axes           | 2 3 4 5 6 7 |  7.6
Shields        | 4 |  4.8
Dodging        | 1 |  1.3
Fighting       | |  3.2
Armour         | |  3.2
Stealth        | |  0.5

Action                   |  1- 3 |  4- 6 |  7- 9 || total
-------------------------+-------+-------+-------++-------
Melee: War axe           |   123 |   187 |   132 ||   442
       Unarmed           |       |       |     2 ||     2
  Use: Scroll            |     2 |       |     5 ||     7
       Potion            |       |     2 |     2 ||     4
Armor: Scale mail        |    69 |   112 |    53 ||   234
Dodge: Dodged            |    52 |    76 |    32 ||   160
Block: Kite shield       |    57 |    81 |    41 ||   179
